 Dungeon Crawl Stone Soup version 0.21.0 (webtiles) character file.

135 Blackhawk the Cudgeler (level 4, -9/40 HPs)
             Began as a Draconian Berserker on May 28, 2018.
             Was a Believer of Trog.
             Mangled by an ogre
             ... wielding a +0 giant club
              (18 damage)
             ... on level 3 of the Dungeon on May 29, 2018.
             The game lasted 00:09:06 (2535 turns).

Blackhawk the Cudgeler (Draconian Berserker)        Turns: 2535, Time: 00:09:07

Health: -9/40      AC:  5    Str: 20    XL:     4   Next: 97%
Magic:  4/4        EV: 12    Int:  7    God:    Trog [**....]
Gold:   130        SH:  0    Dex: 11    Spells: 3/3 levels left

rFire    . . .     SeeInvis .   a - +0 mace
rCold    . . .     Gourm    .   (no shield)
rNeg     . . .     Faith    .   (armour unavailable)
rPois    .         Spirit   .   (helmet restricted)
rElec    .         Reflect  .   (no cloak)
rCorr    .         Harm     .   (no gloves)
MR       .....                  (no boots)
Stlth    +.........             (no amulet)
HPRegen  0.13/turn              (no ring)
MPRegen  0.09/turn              (no ring)

@: starving, heavily drained
A: unfitting armour, cold-blooded, AC +5
a: Berserk, Trog's Hand, Burn Spellbooks, Renounce Religion


You were on level 3 of the Dungeon.
You worshipped Trog.
Trog was pleased with you.
You were starving.

You visited 1 branch of the dungeon, and saw 4 of its levels.

You collected 130 gold pieces.

Inventory:

Hand Weapons
 a - a +0 mace (weapon)
Jewellery
 e - an uncursed amulet of guardian spirit {unknown}
 q - an uncursed ring of stealth {unknown}
 r - an uncursed ring of poison resistance {unknown}
 s - an uncursed ring of resist corrosion {unknown}
Scrolls
 f - 2 scrolls of remove curse {unknown}
 g - 3 scrolls of identify {unknown}
 h - a scroll of enchant weapon {unknown}
 i - 3 scrolls of teleportation {unknown}
 k - a scroll of immolation {unknown}
 m - a scroll of enchant armour {unknown}
Potions
 c - 2 potions of lignification {unknown}
 d - a potion of curing {unknown}
 j - 2 potions of berserk rage {unknown}
 l - a potion of haste {unknown}
 n - 3 potions of flight {unknown}
 o - a potion of heal wounds {unknown}
 p - 2 potions of brilliance {unknown}
Comestibles
 b - 6 rations
 t - 2 chunks of flesh


   Skills:
 + Level 4.1(2.7) Fighting
 + Level 4.4(3.0) Maces & Flails
 + Level 3.5(2.1) Dodging
 + Level 0.3(0.0) Stealth


You had 3 spell levels left.
You didn't know any spells.

Dungeon Overview and Level Annotations

Branches:
Dungeon (4/15)
 Temple: D:4-7

Altars:
Nemelex Xobeh
Trog


Innate Abilities, Weirdness & Mutations

Your plain brown scales are hard. (AC +5)
You cannot fit into any form of body armour.
You are cold-blooded and may be slowed by cold attacks.


Message History

You hit the ogre but do no damage.
You tail-slap the ogre, but do no damage.
The ogre misses you.
You sock the ogre!
The ogre is moderately wounded.
The ogre hits you with a giant club!!
Ouch! That really hurt!
You hit the ogre but do no damage.
The ogre is moderately wounded.
The ogre misses you.
You sock the ogre!
You tail-slap the ogre, but do no damage.
The ogre is heavily wounded.
The ogre hits you with a giant club.
* * * LOW HITPOINT WARNING * * *
You hit the ogre but do no damage.
You tail-slap the ogre, but do no damage.
The ogre is heavily wounded.
The ogre hits you with a giant club!!
You die...

#.##...###.#.# #.##..#.###.#.#
#.##...# #.#.###.##..#.###.#.#
#.##...###.......##..#.......#
#.##...................###.#.#
#....................#.# ###.#
#.###...###..###.##.##.# #.#
#.####..###..###.##.##.#####.#
#................##..........#
######..#....@O...............
#...........#############
##...........# #.........)..#
#..^.........# #....#..)###.#
##...........# #.#.##.######
#.#.##.#


You could see an ogre.

Vanquished Creatures
  Jessica (D:2)
  A worker ant (D:4)
  4 adders
  3 worms
  3 leopard geckos
  2 ball pythons
  4 bats
  A giant cockroach (D:3)
  A goblin (D:2)
  5 hobgoblins
  A quokka (D:2)
  8 frilled lizards
  5 kobolds
  6 rats
45 creatures vanquished.

Notes
Turn   | Place    | Note
-------+----------+-------------------------------------------
     0 | D:1      | Blackhawk the Draconian Berserker began the quest for the Orb.
     0 | D:1      | Reached XP level 1. HP: 19/19 MP: 1/1
   231 | D:1      | Reached XP level 2. HP: 19/26 MP: 2/2
   677 | D:2      | Noticed Jessica
   692 | D:2      | Killed Jessica
   692 | D:2      | Reached XP level 3. HP: 33/33 MP: 3/3
   929 | D:2      | Reached ** piety under Trog
  1057 | D:2      | Found a bloodstained altar of Trog.
  1358 | D:3      | Reached XP level 4. HP: 39/40 MP: 4/4
  1482 | D:3      | Found a sparkling altar of Nemelex Xobeh.
  2436 | D:4      | Noticed an ogre
  2535 | D:3      | Mangled by an ogre

Skill      XL: |  1  2  3  4 |
---------------+-------------+-----
Dodging        | 3 |  3.5
Maces & Flails | 4 |  4.4
Fighting       | 4 |  4.1
Stealth        | |  0.3

Action                   |  1- 3 |  4- 6 || total
-------------------------+-------+-------++-------
Melee: Mace              |    82 |    61 ||   143
       Tailslap          |     8 |     9 ||    17
Invok: Berserk           |     1 |     2 ||     3
 Stab: Distracted        |       |     1 ||     1
       Sleeping          |       |     1 ||     1
  Eat: Chunk             |     2 |     4 ||     6
Armor: Skin              |    32 |    15 ||    47
Dodge: Dodged            |    57 |    61 ||   118
